 Dungeon Crawl Stone Soup version 0.29-a0-284-gf9362112df (webtiles) character file.

Game seed: 786846430926403407

5 lunkers the Digger (level 1, 0/11 HPs)
             Began as an Octopode Earth Elementalist on Mar 21, 2022.
             Slain by a dart slug (2 damage)
             ... on level 1 of the Dungeon.
             The game lasted 00:00:15 (162 turns).

lunkers the Digger (Octopode Earth Elementalist)     Turns: 162, Time: 00:00:16

Health: 0/11       AC:  1    Str:  7    XL:     1   Next: 80%
Magic:  0/3        EV: 13    Int: 17    God:
Gold:   35         SH:  0    Dex: 12    Spells: 3/4 levels left

rFire   . . .      SeeInvis .   (no weapon)
rCold   . . .      Faith    .   (no shield)
rNeg    . . .      Spirit   .   (helmet restricted)
rPois   .          Reflect  .   (no amulet)
rElec   .          Harm     .   (no ring)
rCorr   .          Rampage  .   (no ring)
Will    .....                   (no ring)
Stlth   +++.......              (no ring)
HPRegen 0.03/turn               (no ring)
MPRegen 0.08/turn               (no ring)
                                (no ring)
                                (no ring)

@: very slightly contaminated
A: almost no armour, amphibious, 8 rings, camouflage 1, gelatinous body 1,
(nimble swimmer 1), tentacles
a: no special abilities


You were on level 1 of the Dungeon.
You visited 1 branch of the dungeon, and saw 1 of its levels.

You collected 35 gold pieces.

Inventory:

Missiles
 a - 33 stones
Jewellery
 d - a +4 ring of evasion
Scrolls
 c - a scroll of enchant armour {unknown}
 e - a scroll of enchant weapon {unknown}
 f - a scroll of holy word {unknown}
 h - a scroll of identify {unknown}
Potions
 b - a potion of magic
 g - a potion of mutation {unknown}


   Skills:
 - Level 2.0 Dodging
 - Level 2.6 Stealth
 + Level 2.1 Spellcasting
 - Level 1.0 Transmutations
 * Level 3.2 Earth Magic


You had 3 spell levels left.
You knew the following spells:

 Your Spells              Type           Power      Damage    Failure   Level
a - Sandblast             Erth           24%        2d8       4%          1

Your spell library contained the following spells:

 Spells                   Type           Power      Damage    Failure   Level
 Passwall                 Tmut/Erth      7%         N/A       12%         2
 Stone Arrow              Conj/Erth      14%        3d7       28%         3
 Petrify                  Tmut/Erth      9%         N/A       61%         4


Dungeon Overview and Level Annotations

Branches:
Dungeon (1/15)

Altars:


Innate Abilities, Weirdness & Mutations

You cannot wear most types of armour.
You are amphibious.
You can wear up to eight rings at the same time.
Your skin changes colour to match your surroundings (Stealth+).
Your rubbery body absorbs attacks. (AC +1, EV +1)
((You are camouflaged when in or above water. (Stealth+)))
You have tentacles for arms and can constrict up to eight enemies at once.


Message History

A bat comes into view.
A dart slug comes into view.
There are monsters nearby!
There are monsters nearby!
There are monsters nearby!
Casting: Sandblast (safe; 5% risk of failure)
Confirm with . or Enter, or press ? or * to list all spells.
The blast of sand hits the bat.
You kill the bat!
The dart slug launches a dart at you. The slug dart misses you.
Lua error: ...ter/crawl-git-f9362112df/data/dat/clua/automagic.lua:109: Cannot currently process new keys (there is pending input)
A dart slug is nearby!
Lua error: ...ter/crawl-git-f9362112df/data/dat/clua/automagic.lua:109: Cannot currently process new keys (there is pending input)
A dart slug is nearby!
A rat comes into view.
There are monsters nearby!
Casting: Sandblast (safe; 4% risk of failure)
Confirm with . or Enter, or press ? or * to list all spells.
You miscast Sandblast.
You are very lightly contaminated with residual magic.
Nothing appears to happen.
Casting: Sandblast (safe; 4% risk of failure)
Confirm with . or Enter, or press ? or * to list all spells.
The blast of sand hits the dart slug.
The dart slug is moderately wounded.
The dart slug launches a dart at you. The slug dart hits you.
* * * LOW HITPOINT WARNING * * *
The dart slug launches a dart at you. The slug dart hits you.
* * * LOW HITPOINT WARNING * * *
You tentacle-slap the dart slug but do no damage.
You grab the dart slug.
The dart slug is moderately wounded.
You constrict the dart slug.
You tentacle-slap the dart slug but do no damage.
The dart slug is moderately wounded.
You constrict the dart slug. The dart slug bites you.
You die...

#####.............
#........†....
#######.............
#.................##
#...............###
#...............#
#.......#+####+##
#.......# #..@....#
#... #..w....# #...
.r...........######...
#......................
#.....#................
#..... .............#..
#..... .............#..
#..... ................
.........


You could see a dart slug and a rat (asleep).

Vanquished Creatures
  A ball python (D:1)
  A bat (D:1)
  An endoplasm (D:1)
  A hobgoblin (D:1)
4 creatures vanquished.

Notes
Turn   | Place    | Note
-------+----------+-------------------------------------------
     0 | D:1      | lunkers the Octopode Earth Elementalist began the quest for
                  | the Orb.
     0 | D:1      | Reached XP level 1. HP: 11/11 MP: 3/3
   162 | D:1      | Slain by a dart slug

Illustrated notes

Levels and vault maps discovered:
D:1:      moated_graveyard_arrival, layout_basic

Action                   || total
-------------------------++-------
Melee: Unarmed           ||     2
       Constrict         ||     1
 Cast: Sandblast         ||     5
Dodge: Dodged            ||     1

Table legend: (Time is in decaauts)
 A = Elapsed time spent in this place.
 B = Non-inter-level travel time spent in this place.
 C = Inter-level travel time spent in this place.
 D = Time resting spent in this place.
 E = Time spent auto-exploring this place.
 F = Levels seen in this place.
 G = Mean time per level.
                   A        B        C        D        E       F      G
               +--------+--------+--------+--------+--------+-----+--------+
         Total |    162 |    162 |      0 |      0 |    129 |   1 |  162.0 |
       Dungeon |    162 |    162 |      0 |      0 |    129 |   1 |  162.0 |
               +--------+--------+--------+--------+--------+-----+--------+

Top non-repeatable levels by time:
     D:1: 162 daAuts
